 Dungeon Crawl Stone Soup version 0.25-b1-41-g19641232cd (webtiles) character file.

Game seed: 5368215431990078441

666654 Peloso the Minotaur Barricade (level 27, -42/273 HPs)
             Began as a Minotaur Fighter on June 8, 2020.
             Was a High Priest of Okawaru.
             Killed from afar by a monstrous blood saint (52 damage)
             ... with a fireball
             ... on level 10 of a ziggurat.
             The game lasted 04:24:40 (82118 turns).

Peloso the Minotaur Barricade (Minotaur Fighter)   Turns: 82118, Time: 04:24:43

Health: -42/273    AC: 33    Str: 44    XL:     27
Magic:  0/34       EV: 30    Int:  8    God:    Okawaru [*****.]
Gold:   4008       SH: 28    Dex: 16    Spells: 26/26 levels left

rFire    . . .     SeeInvis .   a - +9 sword of Zonguldrok {reap}
rCold    + + .     Gourm    .   c - +7 kite shield "Bicausy" {rPois MP+9 Int+6}
rNeg     + . .     Faith    .   e - +6 ice dragon scales of Nepunieg {rF- rC++ MR+ Slay+3}
rPois    +         Spirit   +   L - +2 hat of the Bear Spirit {Spirit, +Rage rN+ MR++}
rElec    +         Reflect  .   R - +2 cloak
rCorr    +         Harm     .   S - +0 pair of gloves of Light {+Blink Regen+ rCorr Int-3}
MR       +++++                  M - +2 pair of boots "Qiqukoir" {Str+7 Dex+3}
Stlth    +++.......             k - amulet of the Aged Ears {Acrobat Fragile rElec rF+}
HPRegen  0.95/turn              U - +6 ring of strength
MPRegen  0.24/turn              D - +4 ring of slaying

@: heroism, very slightly contaminated
A: retaliatory headbutt, beak, horns 2, deformed body, screaming 1, [no potion
heal 2]
}: 4/15 runes: barnacled, slimy, silver, gossamer
a: Heroism, Finesse, Renounce Religion, Evoke Blink, Evoke Berserk Rage


You were on level 10 of a ziggurat.
You worshipped Okawaru.
Okawaru was extremely pleased with you.
You were not hungry.

You visited 10 branches of the dungeon, and saw 51 of its levels.
You visited 2 bazaars.
You visited 1 ziggurat, and saw 10 of its levels.
You also visited: Trove, Sewer, Ice Cave and Wizlab.

You collected 9223 gold pieces.
You spent 5215 gold pieces at shops.

Inventory:

Hand Weapons
 a - the +9 sword of Zonguldrok (weapon) {reap}
   (You found it on level 1 of the Crypt)

   If a monster killed with it leaves a corpse in good enough shape, the corpse
   will be animated as a zombie friendly to the killer.
 b - the +10 demon blade "Amycuipt" {drain, *Corrode Int+6}
   (Okawaru gifted it to you on level 1 of the Elven Halls)

   A truly terrible weapon, it drains the life of those it strikes.
   It affects your intelligence (+6).
   It may corrode you when you take damage.
 o - a +2 double sword of venom
 E - a +7 double sword of holy wrath
Armour
 c - the +7 kite shield "Bicausy" (worn) {rPois MP+9 Int+6}
   (Okawaru gifted it to you on level 3 of the Lair of Beasts)

   It affects your intelligence (+6).
   It protects you from poison.
   It affects your magic capacity (+9).
 e - the +6 ice dragon scales of Nepunieg (worn) {rF- rC++ MR+ Slay+3}
   (Okawaru gifted it to you on level 3 of the Elven Halls)

   It affects your accuracy and damage with ranged weapons and melee attacks
   (+3).
   It makes you vulnerable to fire.
   It greatly protects you from cold.
   It affects your resistance to hostile enchantments.
 G - a +0 tower shield of protection
 K - +0 gold dragon scales
 L - the +2 hat of the Bear Spirit (worn) {Spirit, +Rage rN+ MR++}
   (You bought it in a shop on level 2 of the Orcish Mines)

   It protects you from negative energy.
   It affects your resistance to hostile enchantments.
   It lets you go berserk.
 M - the +2 pair of boots "Qiqukoir" (worn) {Str+7 Dex+3}
   (You found it on level 4 of the Depths)

   It affects your strength (+7).
   It affects your dexterity (+3).
 R - a +2 cloak (worn)
 S - the +0 pair of gloves of Light (worn) {+Blink Regen+ rCorr Int-3}
   (You bought it in a shop in a bazaar)

   It affects your intelligence (-3).
   It lets you blink.
   It increases your rate of regeneration.
   It provides partial protection from all sources of acid and corrosion.
Jewellery
 g - the ring of Xom's Approval {rElec Dex+6 Stlth+}
   (You acquired it on level 3 of the Crypt)

   [ring of stealth]

   It affects your dexterity (+6).
   It insulates you from electricity.
   It makes you more stealthy.
 h - the ring "Dosoth" {Wiz rElec rC+ rN++ Str-4}
   (You found it on level 4 of the Vaults)

   [ring of wizardry]

   It improves your spell success rate.
   It affects your strength (-4).
   It protects you from cold.
   It insulates you from electricity.
   It greatly protects you from negative energy.
 k - the amulet of the Aged Ears (around neck) {Acrobat Fragile rElec rF+}
   (You bought it in a shop on level 2 of the Orcish Mines)

   [amulet of the acrobat]

   It helps you evade while moving and waiting.
   It protects you from fire.
   It insulates you from electricity.
   It will be destroyed if unequipped.
 w - an uncursed ring of flight
 D - a +4 ring of slaying (right hand)
 U - a +6 ring of strength (left hand)
Wands
 r - a wand of clouds (24)
 u - a wand of disintegration (12)
 I - a wand of digging (10)
Scrolls
 i - 29 scrolls of remove curse
 j - 23 scrolls of teleportation
 q - 3 scrolls of fog
 v - 3 scrolls of noise
 x - a scroll of holy word
 y - 9 scrolls of identify
 A - a scroll of amnesia
 C - 5 scrolls of blinking
 F - 4 scrolls of fear
 H - 11 scrolls of magic mapping
Potions
 d - 25 potions of curing
 l - 6 potions of haste
 m - 4 potions of berserk rage
 n - 6 potions of flight
 p - 2 potions of might
 s - a potion of ambrosia
 t - 4 potions of resistance
 z - a potion of invisibility
 N - 4 potions of heal wounds
Comestibles
 f - 93 rations


   Skills:
 O Level 27 Fighting
 O Level 27 Long Blades
 + Level 20.9(25.9) Armour
 + Level 20.3(25.3) Dodging
 + Level 5.2(10.2) Stealth
 O Level 27 Shields
 + Level 4.9 Invocations
 + Level 3.0 Evocations


You had 26 spell levels left.
You didn't know any spells.
Your spell library contained the following spells:

 Spells                   Type           Power        Failure   Level  Hunger
 Animate Skeleton         Necr           N/A          50%         1    ##.....
 Apportation              Tloc           #.....       50%         1    ##.....
 Beastly Appendage        Tmut           #.....       50%         1    ##.....
 Corona                   Hex            #......      50%         1    ##.....
 Foxfire                  Conj/Fire      #...         50%         1    ##.....
 Infusion                 Chrm           #...         50%         1    ##.....
 Magic Dart               Conj           #...         50%         1    ##.....
 Pain                     Necr           #...         50%         1    ##.....
 Sandblast                Erth           #.....       50%         1    ##.....
 Shock                    Conj/Air       #...         50%         1    ##.....
 Summon Butterflies       Summ           #.......     50%         1    ##.....
 Summon Small Mammal      Summ           #...         50%         1    ##.....
 Blink                    Tloc           N/A          65%         2    ###....
 Call Imp                 Summ           #.......     65%         2    ###....
 Corpse Rot               Necr/Air       N/A          65%         2    ###....
 Ensorcelled Hibernation  Hex/Ice        #.....       65%         2    ###....
 Passwall                 Tmut/Erth      #.......     65%         2    ###....
 Poisonous Vapours        Pois/Air       #.....       65%         2    ###....
 Searing Ray              Conj           #.....       65%         2    ###....
 Shroud of Golubria       Chrm/Tloc      #.....       65%         2    ###....
 Slow                     Hex            #.......     65%         2    ###....
 Song of Slaying          Chrm           #.......     65%         2    ###....
 Sticks to Snakes         Tmut           #.......     65%         2    ###....
 Sublimation of Blood     Necr           #.........   65%         2    ###....
 Swiftness                Chrm/Air       #.......     65%         2    ###....
 Call Canine Familiar     Summ           #.......     86%         3    ####...
 Confusing Touch          Hex            #.......     86%         3    ####...
 Conjure Flame            Conj/Fire      #.......     86%         3    ####...
 Dazzling Flash           Conj/Hex       #.....       86%         3    ####...
 Gell's Gravitas          Tloc           #.........   86%         3    ####...
 Ignite Poison            Fire/Tmut/Pois #.......     86%         3    ####...
 Inner Flame              Hex/Fire       #.......     86%         3    ####...
 Lesser Beckoning         Tloc           #.........   86%         3    ####...
 Mephitic Cloud           Conj/Pois/Air  #.......     86%         3    ####...
 Ozocubu's Armour         Chrm/Ice       #.......     86%         3    ####...
 Portal Projectile        Hex/Tloc       #.....       86%         3    ####...
 Recall                   Summ/Tloc      N/A          86%         3    ####...
 Spectral Weapon          Hex/Chrm       #.......     86%         3    ####...
 Spider Form              Tmut/Pois      #.........   86%         3    ####...
 Static Discharge         Conj/Air       #.......     86%         3    ####...
 Stone Arrow              Conj/Erth      #.....       86%         3    ####...
 Summon Guardian Golem    Hex/Summ       #.......     86%         3    ####...
 Teleport Other           Tloc           #.......     86%         3    ####...
 Vampiric Draining        Necr           #.........   86%         3    ####...
 Airstrike                Air            #.........   99%         4    #####..
 Animate Dead             Necr           N/A          99%         4    #####..
 Cause Fear               Hex            #.........   99%         4    #####..
 Dispel Undead            Necr           #.......     99%         4    #####..
 Fulminant Prism          Conj/Hex       #.........   99%         4    #####..
 Hailstorm                Conj/Ice       #.......     99%         4    #####..
 Ice Form                 Ice/Tmut       #.......     99%         4    #####..
 Iskenderun's Mystic Bla  Conj/Tloc      #.......     99%         4    #####..
 Leda's Liquefaction      Hex/Erth       #.........   99%         4    #####..
 Olgreb's Toxic Radiance  Pois           #.......     99%         4    #####..
 Passage of Golubria      Tloc           N/A          99%         4    #####..
 Petrify                  Tmut/Erth      #.......     99%         4    #####..
 Sticky Flame             Conj/Fire      #.......     99%         4    #####..
 Summon Ice Beast         Ice/Summ       #.......     99%         4    #####..
 Agony                    Necr           #.......     100%        5    ######.
 Alistair's Intoxication  Tmut/Pois      #.......     100%        5    ######.
 Aura of Abjuration       Summ           #.........   100%        5    ######.
 Blade Hands              Tmut           #.........   100%        5    ######.
 Bolt of Magma            Conj/Fire/Erth #.........   100%        5    ######.
 Borgnjor's Vile Clutch   Necr/Erth      #.........   100%        5    ######.
 Excruciating Wounds      Chrm/Necr      #.........   100%        5    ######.
 Fireball                 Conj/Fire      #.........   100%        5    ######.
 Irradiate                Conj/Tmut      #.........   100%        5    ######.
 Iskenderun's Battlesphe  Conj/Chrm      #.......     100%        5    ######.
 Lee's Rapid Deconstruct  Erth           #.........   100%        5    ######.
 Lightning Bolt           Conj/Air       #.........   100%        5    ######.
 Metabolic Englaciation   Hex/Ice        #.........   100%        5    ######.
 Silence                  Hex/Air        #.........   100%        5    ######.
 Summon Demon             Summ           #.........   100%        5    ######.
 Summon Forest            Summ/Tloc      #.........   100%        5    ######.
 Summon Mana Viper        Hex/Summ       #.......     100%        5    ######.
 Yara's Violent Unravell  Hex/Tmut       #.........   100%        5    ######.
 Conjure Ball Lightning   Conj/Air       #.........   100%        6    #######
 Death Channel            Necr           #.........   100%        6    #######
 Dispersal                Tloc           #.........   100%        6    #######
 Eringya's Noxious Bog    Tmut/Pois      #.........   100%        6    #######
 Freezing Cloud           Conj/Ice/Air   #.........   100%        6    #######
 Hydra Form               Tmut           #.........   100%        6    #######
 Iron Shot                Conj/Erth      #.........   100%        6    #######
 Shadow Creatures         Summ           N/A          100%        6    #######
 Simulacrum               Ice/Necr       #.........   100%        6    #######
 Starburst                Conj/Fire      #.........   100%        6    #######
 Statue Form              Tmut/Erth      #........    100%        6    #######
 Dragon Form              Tmut           #.........   100%        7    #######
 Haunt                    Necr/Summ      #.........   100%        7    #######
 Malign Gateway           Summ/Tloc      #.........   100%        7    #######
 Monstrous Menagerie      Summ           #.........   100%        7    #######
 Orb of Destruction       Conj           #.........   100%        7    #######
 Ring of Flames           Chrm/Fire      #.........   100%        7    #######
 Spellforged Servitor     Conj/Summ      #.........   100%        7    #######
 Summon Greater Demon     Summ           #.........   100%        7    #######
 Summon Hydra             Summ           #.........   100%        7    #######
 Borgnjor's Revivificati  Necr           #.........   100%        8    #######
 Controlled Blink         Tloc           N/A          100%        8    #######
 Death's Door             Chrm/Necr      #.........   100%        8    #######
 Discord                  Hex            #.........   100%        8    #######
 Disjunction              Tloc           #.........   100%        8    #######
 Ignition                 Fire           #.........   100%        8    #######
 Infestation              Necr           #.........   100%        8    #######
 Necromutation            Tmut/Necr      #.........   100%        8    #######
 Summon Horrible Things   Summ           #.........   100%        8    #######
 Shatter                  Erth           #.........   100%        9    #######
 Tornado                  Air            #.........   100%        9    #######


Dungeon Overview and Level Annotations

Branches:
Dungeon (15/15)            Temple (0/1) D:6            Lair (6/6) D:10
 Shoals (4/4) Lair:3       Spider (4/4) Lair:3        Slime (5/5) Lair:5
    Orc (2/2) D:12            Elf (3/3) Orc:2        Vaults (5/5) D:14
  Crypt (3/3) Vaults:3       Tomb (0/3) Crypt:3      Depths (4/5) D:15
  Sewer (visited)           IceCv (visited)          WizLab (visited)

Altars:
Ashenzari
Cheibriados
Fedhas
Hepliaklqana
Kikubaaqudgha
Makhleb
Nemelex Xobeh
Okawaru
Uskayaw
Vehumet
Xom
Yredelemnul
Zin
The Shining One
Beogh
Jiyva

Shops:
D:5 %   D:10 !   Orc:2 =[(?   Elf:1 ?   Elf:2 =!   Vaults:3 (   Depths:1 [

Portals:
Hell: Depths:1 Depths:2 Depths:3 Depths:4
Abyss: Depths:4
Pandemonium: Depths:3 Depths:4


Innate Abilities, Weirdness & Mutations

You reflexively headbutt those who attack you in melee.
You have a pair of horns on your head.
You have a beak for a mouth.
Armour fits poorly on your strangely shaped body.
You occasionally shout uncontrollably at your foes.
[Potions are poor at restoring your health.]


Message History

You feel much better.
You block the infernal corrupter's attack.
The gelid corrupter calls forth creatures from the Crypt!
You block the war gargoyle's attack. Something hits you!!
* * * LOW HITPOINT WARNING * * *
You feel your power leaking away.
Deactivating autopickup; reactivate with Ctrl-A.
The smoke demon closely misses you. You furiously retaliate!
You headbutt the smoke demon.
The smoke demon hits you but does no damage.
You block the smoke demon's attack.
Blink to where?
Press: ? - help, Dir - move target cursor You are very lightly contaminated with residual magic.
As you read the scroll of blinking, it crumbles to dust.
The monstrous blood saint conjures a destructive force in the name of Makhleb!
The mass of ice explodes!
The iceblast engulfs you! You partially resist.
* * * LOW HITPOINT WARNING * * *
The fireball explodes!
The fireball engulfs you!!!
You die...

▓▓▓ ▓▓▓▓▓.▓▓▓▓▓
▓▓.........▓▓
▓.....@.....▓
▓.............▓▓
3..............▓▓
................▓
................▓
:)..............▓
∩$:........2&62.▓▓
>[|.......42.69..▓
.....32)3..▓▓


You could see Sysk, a cacodemon, a balrug, an infernal corrupter (fast), a
monstrous blood saint, a war gargoyle (summoned, catching breath), an ice devil
(summoned), a tormentor and a neqoxec (summoned, wandering).

Vanquished Creatures
  Dissolution (Slime:5)
  the Royal Jelly (Slime:5)
  2 pandemonium lords
  11 ancient liches
  The ghost of xzight the Conqueror, a legendary MiBe of Trog (Depths:4)
  Boris (twice) (Vaults:3 Vaults:4)
  3 Killer Klowns (Zig:6)
  Sojobo (Vaults:4)
  Saint Roka (Orc:2)
  A caustic shrike (Depths:4)
  4 golden dragons (Zig:9)
  The ghost of Caat Rau the Warrior, an adept DgCj (Depths:2)
  Nikola (Depths:2)
  The ghost of releu the Brawler, an adept TrWr of Kikubaaqudgha (Vaults:4)
  Arachne (Spider:4)
  3 bone dragons
  Jorgrun (Shoals:3)
  Rupert (Lair:4)
  2 tentacled monstrosities
  3 deep elf blademasters
  Asterion (Vaults:3)
  5 quicksilver dragons
  3 titans
  2 deep elf master archers (Elf:3)
  4 liches
  2 krakens
  The ghost of AtomicRavioli the Warrior, an adept OgFi of Makhleb (Shoals:1)
  2 Executioners
  21 acid blobs
  Agnes (Spider:1)
  7 sphinxes
  9 tengu reavers
  12 shadow dragons
  9 ancient champions
  2 revenants
  6 storm dragons
  17 azure jellies
  11 fire giants
  The ghost of jeanjacques the Warrior, a journeyman DsAr of Fedhas (D:14)
  8 frost giants
  4 deep elf sorcerers (Elf:3)
  2 cacodemons
  5 ghost moths
  7 iron dragons
  2 warmongers
  19 vault wardens
  6 emperor scorpions (Spider:4)
  2 orc warlords
  2 curse skulls (Crypt:2)
  16 ironheart preservers
  4 deep elf elementalists
  2 balrugs
  11 ghouls
  A war gargoyle (Vaults:5)
  The ghost of Cofimnas the Cleaver, a journeyman FoFi of Okawaru (D:14)
  13 stone giants
  13 very ugly things
  8 vampire knights
  6 entropy weavers
  2 dire elephants (Lair:5)
  7 deep elf demonologists
  11 deep elf annihilators
  11 purple draconians (WizLab)
  A spark wasp (Spider:3)
  9 statues (WizLab)
  A lorocyproca (Zig:6)
  3 merfolk javelineers
  2 eidola
  10 fire dragons
  7 death oozes
  6 merfolk impalers (Shoals:4)
  9 deep elf death magi
  13 ettins
  The ghost of Alannah the Victor of a Thousand Battles, a journeyman DsGl of Okawaru (Lair:6)
  13 yaktaur captains
  Snorg (D:10)
  2 deep elf high priests (Vaults:5)
  3 jiangshi (Crypt:2)
  17 great orbs of eyes
  2 quicksilver dragon skeletons (Crypt:3)
  42 vault guards
  A monstrous demonspawn (Depths:3)
  A ghost crab (Zig:2)
  6 rakshasas
  13 hydras
  3 spriggan air magi
  A shambling mangrove (Zig:8)
  19 ice dragons
  Erica (D:8)
  2 hell beasts (Zig:7)
  4 merfolk avatars
  An alligator (Zig:8)
  8 centaur warriors
  21 ogre magi
  2 catoblepae
  6 death knights
  8 merfolk aquamancers
  A satyr (Shoals:3)
  A queen ant (Spider:2)
  2 tengu warriors
  A death yak (shapeshifter) (Vaults:5)
  4 death yaks (Lair:3)
  5 deep troll shamans
  23 dancing weapons
  6 vampire magi
  6 deep troll earth magi
  64 two-headed ogres
  2 titan zombies
  2 spriggan berserkers (Depths:2)
  4 orc high priests
  Urug (Lair:2)
  14 large abominations
  2 sun demons (Depths:1)
  9 soul eaters (Crypt:1)
  Sonja (Lair:5)
  5 shadow wraiths
  A hell knight (Vaults:4)
  17 deep elf knights
  9 iron trolls (Depths:1)
  19 sea snakes
  3 storm dragon skeletons
  A sixfirhy (Zig:10)
  15 deep trolls
  56 skeletal warriors
  A spriggan druid (Zig:8)
  A death drake (Zig:9)
  9 flayed ghosts
  2 golden dragon zombies
  7 unseen horrors
  A shadow demon (Depths:3)
  An obsidian statue (Zig:4)
  2 swamp dragons (Zig:8)
  An infernal demonspawn (Depths:3)
  4 wizards
  5 glowing orange brains
  4 lindwurms (D:13)
  A lindwurm (shapeshifter) (Vaults:4)
  13 phantasmal warriors
  10 necromancers
  An orange crystal statue (Zig:4)
  19 deep elf archers
  18 orc knights
  63 deep elf magi
  13 orb spiders
  13 ironbrand convokers
  An anaconda skeleton (Crypt:3)
  4 wolf spider zombies
  24 harpies
  A faun (shapeshifter) (Vaults:2)
  8 shining eyes
  39 ugly things
  2 shadow dragon skeletons (Crypt:3)
  25 wolf spiders
  3 oklob plants (Lair:1)
  4 orc sorcerers
  A glowing shapeshifter (Depths:2)
  A wolf spider (shapeshifter) (Depths:4)
  4 fire giant skeletons
  16 fauns
  13 manticores
  A fire giant zombie (Depths:2)
  2 moths of wrath (Spider:2)
  7 cyclopes
  2 black mambas (shapeshifter)
  17 elephants
  A moth of wrath (shapeshifter) (Vaults:5)
  8 water nymphs
  16 vault sentinels
  A dire elephant zombie (Crypt:1)
  4 ice statues
  9 centaur zombies
  A stone giant skeleton (Crypt:1)
  Joseph (D:7)
  A guardian serpent (shapeshifter) (Vaults:1)
  3 eyes of devastation
  A smoke demon (Zig:7)
  3 black mambas
  A titan simulacrum (Crypt:3)
  12 merfolk sirens
  Maurice (D:9)
  An apocalypse crab (Zig:6)
  An orange demon (Zig:7)
  Psyche (D:8)
  13 spiny frogs
  3 torpor snails
  3 dire elephant skeletons
  2 human zombies
  A white draconian zombie (Crypt:2)
  4 frost giant skeletons
  A hellion (Zig:4)
  A rime drake (shapeshifter) (Vaults:3)
  4 rime drakes
  An anaconda simulacrum (Crypt:3)
  4 ice devils
  A green draconian skeleton (Crypt:1)
  A kobold demonologist (D:11)
  A golden dragon simulacrum (Crypt:1)
  A redback zombie (Crypt:3)
  5 komodo dragons
  57 yaktaurs
  4 guardian mummies (Crypt:3)
  A tengu conjurer (Depths:2)
  3 tormentors
  9 freezing wraiths
  2 spriggan skeletons
  14 demonic crawlers
  A red draconian skeleton (Crypt:3)
  A red devil (Zig:7)
  15 jumping spiders
  2 hydra zombies (Crypt:1)
  11 trolls
  A harpy zombie (D:10)
  2 meliai (shapeshifter) (Elf:3)
  A merfolk (shapeshifter) (Elf:3)
  A pale draconian skeleton (Crypt:3)
  4 polar bears (Lair:6)
  26 merfolk
  2 harpy skeletons
  6 snapping turtles
  4 wind drakes
  Grinder (D:3)
  Prince Ribbit (Lair:3)
  2 hydra skeletons (Crypt:3)
  17 hornets
  81 slime creatures
  7 blink frogs
  14 dream sheep
  2 bog bodies (Crypt:2)
  12 hippogriffs
  12 small abominations
  A death drake skeleton (Crypt:1)
  9 flying skulls (Crypt:3)
  17 shadows (Crypt:1)
  A fire dragon zombie (Crypt:1)
  A meliai zombie (Crypt:1)
  Sigmund (D:5)
  A centaur simulacrum (D:15)
  A fire dragon skeleton (Crypt:3)
  A vampire (D:11)
  A yak (shapeshifter) (D:15)
  2 air elementals (Elf:3)
  63 redbacks
  A spriggan (shapeshifter) (Vaults:4)
  13 spriggans
  A tarantella (shapeshifter) (Depths:1)
  8 wraiths
  7 wyverns
  A black mamba skeleton (Crypt:3)
  An ettin skeleton (Crypt:3)
  67 yaks
  17 water elementals
  An ice dragon skeleton (Crypt:3)
  26 tarantellas
  5 fire elementals
  2 neqoxecs (Depths:3)
  4 vampire mosquitoes
  13 golden eyes
  2 basilisks
  2 steam dragons
  A yaktaur simulacrum (Vaults:4)
  8 wargs
  6 chaos spawn
  Edmund (D:4)
  A hungry ghost (D:13)
  16 water moccasins
  A merfolk zombie (Crypt:2)
  3 acid dragons
  An infernal demonspawn skeleton (Crypt:3)
  2 merfolk skeletons (Crypt:3)
  7 porcupines
  7 soldier ants (Spider:2)
  2 floating eyes
  2 ogre skeletons
  62 orc warriors
  A black bear (shapeshifter) (Depths:2)
  A hornet zombie (Crypt:1)
  4 sky beasts
  A swamp drake (Zig:2)
  An ettin simulacrum (Vaults:4)
  18 ice beasts
  5 black bears
  An eye of draining (shapeshifter) (Depths:2)
  2 phantoms
  53 ogres
  9 eyes of draining
  4 necrophages
  An orc skeleton (Vaults:1)
  22 centaurs
  An ogre (shapeshifter) (Vaults:4)
  4 boggarts (Lair:6)
  27 wolves
  A snapping turtle skeleton (Crypt:3)
  2 elf skeletons
  11 crocodiles
  12 big kobolds
  A hippogriff zombie (Crypt:2)
  An octopode zombie (Crypt:3)
  14 bullfrogs
  2 earth elementals
  A wyvern zombie (D:10)
  4 human skeletons
  A salamander skeleton (Crypt:2)
  2 wyvern skeletons
  4 scorpions
  A cyclops zombie (Crypt:3)
  A raiju zombie (Crypt:2)
  22 killer bees
  15 wights
  2 electric eels
  3 howler monkeys
  4 crimson imps
  4 hounds
  2 bullfrog zombies
  6 jellies
  14 centaur skeletons
  34 orc priests
  An iguana (shapeshifter) (Depths:4)
  A gnoll shaman (D:7)
  35 orc wizards
  5 iguanas
  2 hell rats (Lair:5)
  Ijyb (D:5)
  32 worker ants
  A killer bee zombie (D:6)
  A sky beast zombie (Crypt:3)
  A big kobold skeleton (Crypt:2)
  A demigod skeleton (Crypt:2)
  2 hound skeletons (D:5)
  A hound zombie (D:11)
  A howler monkey zombie (D:7)
  3 worker ant zombies
  5 gnolls (D:7)
  14 adders
  13 river rats
  3 shadow imps
  2 white imps (Zig:1)
  6 oozes
  2 adder zombies
  3 adder skeletons
  3 worms
  2 dart slugs
  5 leopard geckos
  118 orcs
  5 giant cockroaches
  6 goblins
  6 hobgoblins
  11 jackals
  7 quokkas
  5 ball pythons
  A ball python skeleton (Crypt:1)
  6 bats
  7 frilled lizards
  A frilled lizard zombie (Crypt:2)
  28 kobolds
  A kobold skeleton (Crypt:3)
  3 leopard gecko skeletons
  11 rats
  A river rat skeleton (Crypt:1)
  17 butterflies
  6 fungi
  12 plants
  3 tentacles
2736 creatures vanquished.

Vanquished Creatures (collateral kills)
  A storm dragon (Zig:9)
  An ice dragon (Zig:9)
  A hornet (Zig:8)
  A dream sheep (Zig:5)
  A bog body (Zig:2)
  An acid dragon (Zig:9)
  A water moccasin (Zig:5)
7 creatures vanquished.

Vanquished Creatures (others)
  A redback (Spider:4)
  A water elemental (Elf:3)
  2 ogres
  A crimson imp (D:12)
  9 fungi
  16 plants
  8 tentacles
38 creatures vanquished.

Grand Total: 2781 creatures vanquished

Notes
Turn   | Place    | Note
-------+----------+-------------------------------------------
     0 | D:1      | Peloso the Minotaur Fighter began the quest for the Orb.
     0 | D:1      | Reached XP level 1. HP: 19/19 MP: 0/0
    64 | D:1      | Reached XP level 2. HP: 19/27 MP: 1/1
   508 | D:1      | Reached XP level 3. HP: 24/33 MP: 2/2
  1174 | D:2      | Reached XP level 4. HP: 34/40 MP: 3/3
  1856 | D:3      | Noticed Grinder
  1874 | D:3      | Reached XP level 5. HP: 38/47 MP: 4/4
  1879 | D:3      | Killed Grinder
  1879 | D:3      | Reached skill level 5 in Long Blades
  1879 | D:3      | Reached skill level 1 in Dodging
  1879 | D:3      | Reached skill level 5 in Shields
  1879 | D:3      | Reached XP level 6. HP: 26/53 MP: 5/5
  2089 | D:3      | Found a shattered altar of Ashenzari.
  2196 | D:3      | Found a basalt altar of Yredelemnul.
  2329 | D:4      | Noticed Edmund
  2349 | D:4      | Killed Edmund
  2349 | D:4      | Reached skill level 5 in Armour
  2575 | D:4      | Found a glowing golden altar of the Shining One.
  2619 | D:4      | Found a glowing silver altar of Zin.
  2762 | D:4      | Found an ancient bone altar of Kikubaaqudgha.
  3279 | D:5      | Entered Level 5 of the Dungeon
  3291 | D:5      | Reached XP level 7. HP: 60/60 MP: 6/6
  3405 | D:5      | Reached skill level 5 in Fighting
  3439 | D:5      | Found a hazy altar of Hepliaklqana.
  3447 | D:5      | Noticed Ijyb
  3453 | D:5      | Killed Ijyb
  3512 | D:5      | Found a sparkling altar of Nemelex Xobeh.
  3514 | D:5      | Found a snail-covered altar of Cheibriados.
  3515 | D:5      | Found a shattered altar of Ashenzari.
  3515 | D:5      | Found a hide-covered altar of Uskayaw.
  3516 | D:5      | Found an iron altar of Okawaru.
  3531 | D:5      | Became a worshipper of Warmaster Okawaru
  3851 | D:5      | Noticed Sigmund
  3864 | D:5      | Killed Sigmund
  3942 | D:5      | Found Foba's Food Shop.
  4267 | D:6      | Found a glowing drain.
  4315 | Sewer    | Entered a sewer
  4440 | Sewer    | Reached XP level 8. HP: 70/70 MP: 7/7
  4629 | Sewer    | Reached * piety under Okawaru
  5225 | D:6      | Found a radiant altar of Vehumet.
  5375 | D:6      | Found a staircase to the Ecumenical Temple.
  5927 | D:6      | Reached ** piety under Okawaru
  5927 | D:6      | Reached XP level 9. HP: 75/78 MP: 8/8
  6487 | D:7      | Found a burning altar of Makhleb.
  6789 | D:7      | Noticed Joseph
  6807 | D:7      | Killed Joseph
  7191 | D:7      | Reached *** piety under Okawaru
  7191 | D:7      | Reached skill level 10 in Long Blades
  7460 | D:8      | Noticed Erica
  7478 | D:8      | Killed Erica
  7744 | D:8      | Reached XP level 10. HP: 68/88 MP: 9/9
  7898 | D:8      | Reached **** piety under Okawaru
  7956 | D:8      | Found a blossoming altar of Fedhas.
  8150 | D:8      | Noticed Psyche
  8157 | D:8      | Killed Psyche
  8158 | D:8      | Noticed a two-headed ogre
  8166 | D:8      | Killed a two-headed ogre
  8166 | D:8      | Received a gift from Okawaru
  8166 | D:8      | Reached skill level 1 in Stealth
  8316 | D:8      | Got a coiled granite ring
  8772 | D:9      | Reached ***** piety under Okawaru
  9000 | D:9      | Reached skill level 10 in Armour
  9154 | D:9      | Identified the ring of Annal {*Tele rF++} (You found it on
                  | level 8 of the Dungeon)
  9226 | D:9      | Noticed Maurice
  9230 | D:9      | Paralysed by Maurice for 3 turns
  9237 | D:9      | Killed Maurice
  9239 | D:9      | Reached XP level 11. HP: 73/97 MP: 10/10
  9251 | D:9      | Received a gift from Okawaru
  9532 | D:9      | Reached skill level 10 in Shields
  9994 | D:9      | Got a translucent granite ring
 10011 | D:9      | Identified the ring of Udghivuh {MR+ Stlth+} (You found it
                  | on level 9 of the Dungeon)
 10482 | D:10     | Entered Level 10 of the Dungeon
 10482 | D:10     | Found Jaoqiexa's Distillery.
 10499 | D:10     | Bought a potion of curing for 45 gold pieces
 10499 | D:10     | Bought a potion of stabbing for 60 gold pieces
 10768 | D:10     | Killed an unseen horror
 10818 | D:10     | Found a staircase to the Lair.
 10892 | D:10     | Noticed Snorg
 10901 | D:10     | Killed Snorg
 10905 | D:10     | Reached skill level 10 in Fighting
 11419 | D:11     | Killed an unseen horror
 11437 | D:11     | Noticed a green ugly thing
 11444 | D:11     | Killed a green ugly thing
 11537 | D:11     | Found a frozen archway.
 11752 | IceCv    | Entered an ice cave
 11829 | IceCv    | Reached XP level 12. HP: 107/108 MP: 11/11
 11860 | IceCv    | Received a gift from Okawaru
 12042 | IceCv    | Noticed an ice dragon
 12042 | IceCv    | Noticed an ice dragon
 12051 | IceCv    | Killed an ice dragon
 12053 | IceCv    | Found the ring of Shadows {Umbra +Inv Stlth+}
 12058 | IceCv    | Killed an ice dragon
 12058 | IceCv    | Reached skill level 5 in Dodging
 12081 | IceCv    | Got a pitted granite ring
 12090 | IceCv    | Identified the ring of Maruyjud {rC+ MP+9 SInv} (You found
                  | it in an ice cave)
 13412 | Lair:1   | Entered Level 1 of the Lair of Beasts
 13751 | Lair:1   | Noticed a six-headed hydra
 13760 | Lair:1   | Killed a three-headed hydra
 14263 | Lair:1   | Reached XP level 13. HP: 108/116 MP: 12/12
 14955 | Lair:2   | Received a gift from Okawaru
 15265 | Lair:2   | Noticed Urug
 15273 | Lair:2   | Killed Urug
 15877 | Lair:3   | Found a hole to the Spider Nest.
 16008 | Lair:3   | Reached skill level 1 in Evocations
 16011 | Lair:3   | Reached skill level 1 in Invocations
 16089 | Lair:3   | Found a staircase to the Shoals.
 16096 | Lair:3   | Received a gift from Okawaru
 16101 | Lair:3   | You fall into a shaft and drop 3 floors!
 16101 | Lair:6   | Entered Level 6 of the Lair of Beasts
 16165 | Lair:5   | Found a viscous altar of Jiyva.
 16552 | Lair:4   | Reached ****** piety under Okawaru
 16662 | Lair:4   | Reached skill level 15 in Shields
 17102 | Lair:4   | Noticed Rupert
 17102 | Lair:4   | Paralysed by Rupert for 4 turns
 17107 | Lair:4   | Paralysed by Rupert for 4 turns
 17116 | Lair:4   | Killed Rupert
 17862 | Lair:3   | Received a gift from Okawaru
 17883 | Lair:3   | Got a scorched kite shield {god gift}
 17883 | Lair:3   | Noticed Prince Ribbit
 17889 | Lair:3   | Killed Prince Ribbit
 17923 | Lair:3   | Identified the +7 kite shield "Bicausy" {rPois MP+9 Int+6}
                  | (Okawaru gifted it to you on level 3 of the Lair of Beasts)
 18503 | Lair:4   | Got an ichor-stained long sword
 18504 | Lair:4   | Identified the cursed +1 long sword of the Enchanted Forest
                  | {freeze, Int+4 Dex+5 SInv Stlth-} (You found it on level 4
                  | of the Lair of Beasts)
 18632 | Lair:5   | Noticed a dire elephant
 18651 | Lair:5   | Reached skill level 15 in Long Blades
 18658 | Lair:5   | Killed a dire elephant
 18670 | Lair:5   | Reached XP level 14. HP: 38/127 MP: 14/14
 19083 | Lair:5   | Noticed Sonja
 19126 | Lair:5   | Killed Sonja
 19164 | Lair:5   | Found a staircase to the Slime Pits.
 19493 | Lair:5   | Received a gift from Okawaru
 20939 | D:12     | Received a gift from Okawaru
 21407 | D:12     | Found a staircase to the Orcish Mines.
 21795 | Orc:1    | Entered Level 1 of the Orcish Mines
 21919 | Orc:2    | Entered Level 2 of the Orcish Mines
 21933 | Orc:2    | Found a roughly hewn altar of Beogh.
 22015 | Orc:2    | Found a roughly hewn altar of Beogh.
 22026 | Orc:2    | Found Vaschyx's Jewellery Boutique.
 22115 | Orc:2    | Found a staircase to the Elven Halls.
 22713 | Orc:2    | Noticed Saint Roka
 22771 | Orc:2    | HP: 6/129 [Saint Roka/+1 dire flail of holy wrath (25)]
 22777 | Orc:2    | Killed Saint Roka
 23083 | Orc:2    | Found Qeumn's Antique Armour Shoppe.
 23084 | Orc:2    | Found a roughly hewn altar of Beogh.
 23085 | Orc:2    | Found Midyxut's Antique Weapon Emporium.
 23098 | Orc:2    | Bought the +2 hat of the Bear Spirit {Spirit, +Rage rN+
                  | MR++} for 1133 gold pieces
 23098 | Orc:2    | Found the +2 hat of the Bear Spirit {Spirit, +Rage rN+
                  | MR++}
 23425 | Orc:2    | Found a roughly hewn altar of Beogh.
 23434 | Orc:2    | Found Wiutret's Magic Scroll Emporium.
 23452 | Orc:2    | Bought a scroll of magic mapping for 49 gold pieces
 24945 | D:13     | Received a gift from Okawaru
 24957 | D:13     | Got a masterwork hand crossbow {god gift}
 25604 | D:13     | Identified the +7 hand crossbow "Ykhuodew" {freeze, rF+}
                  | (Okawaru gifted it to you on level 13 of the Dungeon)
 25630 | D:13     | Reached XP level 15. HP: 106/136 MP: 15/15
 25657 | D:13     | Got a bound steel ring
 25674 | D:13     | Identified the ring "Jannam" {rC+ Int+4 Dex+8} (You found
                  | it on level 13 of the Dungeon)
 26200 | Lair:6   | Received a gift from Okawaru
 26237 | Lair:6   | Got a shimmering hat {god gift}
 26248 | Lair:6   | Identified the +0 hat of Valiance {rC- Dex+4} (Okawaru
                  | gifted it to you on level 6 of the Lair of Beasts)
 27012 | Lair:6   | Found a runed translucent door.
 27014 | Lair:6   | Noticed Alannah's ghost (journeyman DsGl)
 27032 | Lair:6   | Killed Alannah's ghost
 27956 | D:14     | Received a gift from Okawaru
 28355 | D:14     | Got a twitching platinum ring
 28360 | D:14     | Identified the ring "Famua" {+Fly Str+2} (You found it on
                  | level 14 of the Dungeon)
 28566 | D:14     | Found a runed translucent gate.
 28566 | D:14     | Found a runed translucent gate.
 28566 | D:14     | Found a runed translucent gate.
 28567 | D:14     | Noticed jeanjacques's ghost (journeyman DsAr)
 28568 | D:14     | Noticed Cofimnas's ghost (journeyman FoFi)
 28594 | D:14     | Killed jeanjacques's ghost
 28610 | D:14     | Killed Cofimnas's ghost
 28857 | D:14     | Found a gate to the Vaults.
 28995 | D:15     | Entered Level 15 of the Dungeon
 29132 | D:15     | Found a staircase to the Depths.
 29132 | D:15     | Noticed a fire giant
 29155 | D:15     | Killed a fire giant
 29155 | D:15     | Received a gift from Okawaru
 29558 | D:15     | Reached XP level 16. HP: 134/147 MP: 16/16
 30506 | Elf:1    | Entered Level 1 of the Elven Halls
 30873 | Elf:1    | Received a gift from Okawaru
 30890 | Elf:1    | Got a brightly glowing demon blade {god gift}
 30891 | Elf:1    | Identified the +10 demon blade "Amycuipt" {drain, *Corrode
                  | Int+6} (Okawaru gifted it to you on level 1 of the Elven
                  | Halls)
 30963 | Elf:1    | Identified Tyoff's Reference Book on Slavery
 31606 | Elf:1    | Found Luadyat's Magic Scroll Shop.
 31620 | Elf:1    | Reached skill level 15 in Fighting
 31992 | Elf:2    | Found Peumnev's Distillery.
 32032 | Elf:2    | Found Wohedea's Jewellery Emporium.
 32080 | Elf:2    | Received a gift from Okawaru
 32083 | Elf:2    | Reached skill level 15 in Armour
 32303 | Elf:2    | Found a flickering gateway to a bazaar.
 32308 | Bazaar   | Entered a bazaar
 32308 | Bazaar   | Found Sotwo Xim's Antique Armour Shoppe.
 32308 | Bazaar   | Found Donta's Book Emporium.
 32309 | Bazaar   | Found Fehef's Armour Shoppe.
 32309 | Bazaar   | Found Boores's Weapon Emporium.
 32395 | Elf:2    | Bought the ring "Bivebb" {rElec Dex+4 SInv} for 598 gold
                  | pieces
 32614 | Elf:2    | Found a large runed translucent door.
 32614 | Elf:2    | Found a large runed translucent door.
 32637 | Elf:2    | Found a large runed translucent door.
 32637 | Elf:2    | Found a large runed translucent door.
 32758 | Elf:2    | Found a portal to a secret trove of treasure.
 32947 | Elf:3    | Entered Level 3 of the Elven Halls
 33108 | Elf:3    | Received a gift from Okawaru
 33143 | Elf:3    | Got polished ice dragon scales {god gift}
 33164 | Elf:2    | Identified the +6 ice dragon scales of Nepunieg {rF- rC++
                  | MR+ Slay+3} (Okawaru gifted it to you on level 3 of the
                  | Elven Halls)
 33607 | Elf:3    | Noticed a Brimstone Fiend
 33618 | Elf:3    | Reached XP level 17. HP: 157/157 MP: 17/17
 33626 | Elf:3    | Noticed a deep elf blademaster
 33640 | Elf:3    | Killed a deep elf blademaster
 33654 | Elf:3    | Identified the cursed +0 battleaxe of Gallantry {flame, rF+
                  | rN+ Stlth-}
 33654 | Elf:3    | Identified the cursed +0 leather armour of Life {rElec
                  | rPois rC- Dex+2}
 33654 | Elf:3    | Identified the ring of the Stallion {rC++ MR+ Str-4 Int+6}
 33668 | Elf:3    | Noticed a deep elf blademaster
 33686 | Elf:3    | Noticed a deep elf master archer
 33701 | Elf:3    | Killed a deep elf master archer
 33737 | Elf:3    | Identified the +6 war axe of the Bear {speed, +Rage rN+
                  | Str+4 Stlth-}
 33741 | Elf:3    | Received a gift from Okawaru
 33743 | Elf:3    | Killed a deep elf blademaster
 33985 | Elf:3    | Identified the ring of Eternal Harmony {*Contam rPois rN++
                  | rCorr}
 34242 | Elf:3    | Noticed a deep elf master archer
 34249 | Elf:3    | Killed a deep elf master archer
 34313 | Elf:3    | Identified the +4 hand axe of Bifo Sirr {pain, rF+}
 34764 | Elf:3    | Identified Sif Muna's Catalogue of Boosting Earth
 34791 | Elf:3    | Identified the Tome of Ashen Poison
 34963 | Elf:2    | Received a gift from Okawaru
 34981 | Elf:2    | Got a slimy crystal plate armour {god gift}
 35012 | Elf:2    | Identified the +0 crystal plate armour of Ginanaot {rC- MR-
                  | Int+6 Slay+5} (Okawaru gifted it to you on level 2 of the
                  | Elven Halls)
 35353 | Elf:2    | Noticed a deep elf blademaster
 35368 | Elf:2    | Killed a deep elf blademaster
 35971 | Spider:1 | Entered Level 1 of the Spider Nest
 36116 | Spider:1 | Noticed Agnes
 36124 | Spider:1 | Killed Agnes
 36260 | Spider:1 | Reached XP level 18. HP: 162/168 MP: 18/18
 36294 | Spider:1 | Received a gift from Okawaru
 36911 | Spider:1 | You fall into a shaft and drop 1 floor!
 39222 | Spider:4 | Entered Level 4 of the Spider Nest
 39264 | Spider:4 | Received a gift from Okawaru
 39800 | Spider:4 | Got an ichor-stained hand crossbow
 39806 | Spider:4 | Identified the +7 hand crossbow of Zickaklu {flame, *Slow
                  | rF+ Int+4} (You found it on level 4 of the Spider Nest)
 40064 | Spider:4 | Noticed Arachne
 40079 | Spider:4 | Killed Arachne
 40142 | Spider:4 | Received a gift from Okawaru
 40310 | Spider:4 | Got a gossamer rune of Zot
 40520 | Shoals:1 | Entered Level 1 of the Shoals
 41113 | Shoals:1 | Reached XP level 19. HP: 177/177 MP: 19/19
 41343 | Shoals:1 | Found a runed translucent gate.
 41343 | Shoals:1 | Found a runed translucent gate.
 41343 | Shoals:1 | Found a runed translucent gate.
 41344 | Shoals:1 | Noticed AtomicRavioli's ghost (adept OgFi)
 41709 | Shoals:1 | Killed AtomicRavioli's ghost
 41709 | Shoals:1 | Received a gift from Okawaru
 41741 | Shoals:1 | Got a pair of jewelled gloves
 41752 | Shoals:1 | Identified the +1 pair of gloves of Precision Catastrophes
                  | {Harm rF- Str+3} (You found it on level 1 of the Shoals)
 42518 | D:10     | Bought a potion of heal wounds for 75 gold pieces
 42676 | Orc:2    | Bought a faintly humming plate armour for 812 gold pieces
 42688 | Orc:2    | Identified the +13 plate armour "Lakhess" {Harm Dex+3} (You
                  | bought it in a shop on level 2 of the Orcish Mines)
 44573 | Shoals:3 | Noticed Jorgrun
 44612 | Shoals:3 | Killed Jorgrun
 45090 | Shoals:4 | Entered Level 4 of the Shoals
 45115 | Shoals:4 | Identified the +1 long sword of Propriety {vorpal, MR+}
 45188 | Shoals:4 | Received a gift from Okawaru
 45745 | Shoals:4 | Got a twisted rapier
 45746 | Shoals:4 | Identified the +2 rapier of the Shouting Traitor {freeze,
                  | MR- Str+2 Dex+4 SInv} (You found it on level 4 of the
                  | Shoals)
 46291 | Shoals:4 | Got a barnacled rune of Zot
 46576 | Shoals:4 | Received a gift from Okawaru
 46577 | Shoals:4 | Found the +2 hood of the Assassin {Detection Stab+ Stlth++}
 47573 | Elf:1    | Bought a scroll of fear for 52 gold pieces
 47573 | Elf:1    | Bought a scroll of fear for 52 gold pieces
 47737 | Vaults:1 | Entered Level 1 of the Vaults
 47839 | Vaults:1 | You fall into a shaft and drop 1 floor!
 48100 | Vaults:2 | Reached XP level 20. HP: 106/189 MP: 1/20
 48126 | Vaults:2 | Reached skill level 10 in Dodging
 48536 | Vaults:2 | Identified the ring "Ymoe" {rF++ Int+6}
 48537 | Vaults:2 | Received a gift from Okawaru
 48780 | Vaults:2 | Identified the Tome of the Assistive Entourage
 50151 | Vaults:1 | Received a gift from Okawaru
 50154 | Vaults:1 | Got a warped long sword {god gift}
 50155 | Vaults:1 | Identified the +4 long sword of Naifeom {vorpal, rF+ MR+}
                  | (Okawaru gifted it to you on level 1 of the Vaults)
 51381 | Vaults:1 | Received a gift from Okawaru
 51853 | Vaults:3 | Noticed Asterion
 51874 | Vaults:3 | Killed Asterion
 51874 | Vaults:3 | Reached XP level 21. HP: 101/198 MP: 17/21
 52753 | Vaults:3 | Noticed Boris
 52765 | Vaults:3 | Killed Boris
 52777 | Vaults:3 | Found a staircase to the Crypt.
 53152 | Vaults:3 | Found Qistaib's Weapon Boutique.
 53658 | Vaults:4 | Received a gift from Okawaru
 53708 | Vaults:4 | Noticed Sojobo
 53747 | Vaults:4 | Noticed Boris
 53753 | Vaults:4 | Killed Sojobo
 53771 | Vaults:4 | Killed Boris
 53782 | Vaults:4 | Found a flickering gateway to a bazaar.
 53791 | Bazaar   | Entered a bazaar
 53795 | Bazaar   | Found Uquats's Antique Armour Boutique.
 53799 | Bazaar   | Found Fiadwuach's Jewellery Boutique.
 53815 | Bazaar   | Found Qenelia's General Store.
 53827 | Bazaar   | Found Locufat's Antique Weapon Shop.
 53835 | Bazaar   | Found Riowem's Magic Scroll Shop.
 53843 | Bazaar   | Bought a scroll of fear for 52 gold pieces
 53843 | Bazaar   | Bought 3 scrolls of magic mapping for 157 gold pieces
 53865 | Bazaar   | Bought a pair of distressingly furry gloves for 256 gold
                  | pieces
 53877 | Bazaar   | Identified the cursed +0 pair of gloves of Light {+Blink
                  | Regen+ rCorr Int-3} (You bought it in a shop in a bazaar)
 54112 | Vaults:4 | Found a runed translucent gate.
 54112 | Vaults:4 | Found a runed translucent gate.
 54112 | Vaults:4 | Found a runed translucent gate.
 54112 | Vaults:4 | Found an ancient bone altar of Kikubaaqudgha.
 54112 | Vaults:4 | Noticed an ancient lich
 54112 | Vaults:4 | Noticed an ancient lich
 54112 | Vaults:4 | Noticed an ancient lich
 54113 | Vaults:4 | Noticed releu's ghost (adept TrWr)
 54843 | Elf:2    | You paid a toll of 7 scrolls of fear to enter a treasure
                  | trove
 54844 | Trove    | Entered a treasure trove
 54849 | Trove    | Got a bound lapis lazuli ring
 54855 | Trove    | Got a glittering silver ring
 54861 | Trove    | Got a faintly glowing golden ring
 54865 | Trove    | Got a scintillating jade ring
 54871 | Trove    | Got a warped lead ring
 54876 | Trove    | Got a flickering lapis lazuli ring
 54881 | Trove    | Identified the ring "Gaotouf" {*Contam +Inv Str-3 Int+4
                  | Slay+5} (You found it in a treasure trove)
 54892 | Elf:2    | Identified the ring of Kiobywk {*Corrode rF++ Int+3 Dex+4
                  | Stlth+} (You found it in a treasure trove)
 54894 | Elf:2    | Identified the ring of Azich {Wiz rPois Dex+4} (You found
                  | it in a treasure trove)
 54895 | Elf:2    | Identified the ring of Divine Compulsion {rC+ rN++ MR- AC+4
                  | Str+3} (You found it in a treasure trove)
 54896 | Elf:2    | Identified the ring "Qolurait" {rF+ AC+4} (You found it in
                  | a treasure trove)
 54898 | Elf:2    | Identified the ring of Ygiciw {rN+ Str+5 Dex-3} (You found
                  | it in a treasure trove)
 55842 | Vaults:4 | Killed an ancient lich
 55842 | Vaults:4 | Received a gift from Okawaru
 55849 | Vaults:4 | Killed an ancient lich
 55849 | Vaults:4 | Reached XP level 22. HP: 96/209 MP: 14/23
 55855 | Vaults:4 | Killed an ancient lich
 55855 | Vaults:4 | Reached skill level 27 in Shields
 56602 | Vaults:4 | Killed releu's ghost
 56613 | Vaults:4 | Got a clouded brass ring
 56622 | Vaults:4 | Identified Kikubaaqudgha's Grimoire of Sinister Rituals
 56633 | Vaults:4 | Identified the ring "Dosoth" {Wiz rElec rC+ rN++ Str-4}
                  | (You found it on level 4 of the Vaults)
 56666 | Vaults:5 | Entered Level 5 of the Vaults
 57579 | Vaults:5 | Received a gift from Okawaru
 57959 | Vaults:5 | Identified the Compendium of Suicidal Tendencies
 58063 | Vaults:5 | Received a gift from Okawaru
 58345 | Vaults:5 | Got an ancient falchion {god gift}
 58346 | Vaults:5 | Identified the +1 falchion of Eqixuth {antimagic, +Fly MR+
                  | Str-4} (Okawaru gifted it to you on level 5 of the Vaults)
 58545 | Vaults:5 | Noticed an ancient lich
 58564 | Vaults:5 | Killed an ancient lich
 58564 | Vaults:5 | Reached XP level 23. HP: 104/222 MP: 17/24
 58567 | Vaults:5 | Received a gift from Okawaru
 58802 | Vaults:5 | Identified the Guide on Heat and Dislocation
 58820 | Vaults:5 | Got a bronze chain mail
 58882 | Vaults:5 | Identified the +7 chain mail "Xoran" {Int+3} (You found it
                  | on level 5 of the Vaults)
 59439 | Vaults:5 | Received a gift from Okawaru
 59443 | Vaults:5 | Got a silver rune of Zot
 59447 | Vaults:5 | Got an ancient amethyst amulet
 59453 | Vaults:5 | Identified Weamm's Reference Book on Transmutation
 59477 | Vaults:5 | Got a sparkling lead amulet
 59490 | Vaults:5 | Identified the amulet "Oriokug" {Spirit rF+ rN+ Int+3} (You
                  | found it on level 5 of the Vaults)
 59814 | Vaults:5 | Identified Advanced Steps in Sorcery
 60021 | Vaults:5 | Identified the Catalogue of Unholy Arcane Weapons
 60033 | Vaults:5 | Identified the amulet of Goc Nask {rN+ Regen+ Stlth+} (You
                  | found it on level 5 of the Vaults)
 61550 | Depths:1 | Entered Level 1 of the Depths
 61601 | Depths:1 | Found the ring of Robustness {AC+8}
 61650 | Depths:1 | Found Bityur's Antique Armour Shoppe.
 62044 | Depths:1 | Received a gift from Okawaru
 62070 | Depths:1 | Got a crude scimitar {god gift}
 62071 | Depths:1 | Identified the +2 scimitar "Utum" {vorpal, *Contam +Blink
                  | rF+} (Okawaru gifted it to you on level 1 of the Depths)
 62899 | Depths:1 | Found a gateway to Hell.
 63505 | Depths:2 | Noticed an ancient lich
 63506 | Depths:2 | Found a gateway to a ziggurat.
 63506 | Depths:2 | Noticed an ancient lich
 63506 | Depths:2 | Noticed an ancient lich
 63636 | Depths:2 | Found a runed translucent door.
 63641 | Depths:2 | Noticed Caat Rau's ghost (adept DgCj)
 63843 | Depths:2 | Killed an ancient lich
 63843 | Depths:2 | Received a gift from Okawaru
 63843 | Depths:2 | Reached XP level 24. HP: 66/235 MP: 9/24
 63849 | Depths:2 | Killed an ancient lich
 63851 | Depths:2 | Killed an ancient lich
 64229 | Depths:2 | Noticed Nikola
 64247 | Depths:2 | Killed Nikola
 64254 | Depths:2 | Received a gift from Okawaru
 64471 | Depths:2 | You fall into a shaft and drop 1 floor!
 65980 | Depths:3 | Gained mutation: You are frail. (-10% HP) [a neqoxec]
 65981 | Depths:3 | Found a one-way gate leading to the halls of Pandemonium.
 66362 | Depths:3 | Received a gift from Okawaru
 66387 | Depths:3 | Identified the +8 demon blade of Resonant Cruel Justice
                  | {vorpal, +Rage rF- Str-2 Int+10} (Okawaru gifted it to you
                  | on level 3 of the Depths)
 66566 | Depths:4 | Found a one-way gate to the infinite horrors of the Abyss.
 66675 | Depths:4 | Found a magical portal.
 67102 | WizLab   | Received a gift from Okawaru
 67344 | WizLab   | Reached XP level 25. HP: 212/222 MP: 24/24
 67447 | WizLab   | Identified Iskenderun's Grimoire of Confrontation
 67447 | WizLab   | Identified Iskenderun's Tome of Combat Magic
 67782 | Depths:4 | Identified the +1 robe of the Beginning {rF+ Dex+4}
 67788 | Depths:4 | Received a gift from Okawaru
 68039 | Depths:4 | Reached skill level 15 in Dodging
 68320 | Depths:4 | Identified the Guide on Virous Boosts
 68613 | Depths:4 | Found a runed translucent gate.
 68613 | Depths:4 | Found a runed translucent gate.
 68613 | Depths:4 | Found a runed translucent gate.
 68613 | Depths:4 | Found an ancient bone altar of Kikubaaqudgha.
 68613 | Depths:4 | Noticed xzight's ghost (legendary MiBe)
 68613 | Depths:4 | Noticed an ancient lich
 68613 | Depths:4 | Noticed an ancient lich
 68613 | Depths:4 | Noticed an ancient lich
 68647 | Depths:4 | Killed xzight's ghost
 68650 | Depths:4 | Killed an ancient lich
 68657 | Depths:4 | Killed an ancient lich
 68677 | Depths:4 | Killed an ancient lich
 68686 | Depths:4 | Got a pair of steaming boots
 68697 | Depths:4 | Identified the +2 pair of boots "Qiqukoir" {Str+7 Dex+3}
                  | (You found it on level 4 of the Depths)
 68702 | Depths:4 | Got a sparkling platinum ring
 68877 | Depths:4 | Identified the ring of Macvidef {rN+ SInv} (You found it on
                  | level 4 of the Depths)
 69541 | Slime:1  | Entered Level 1 of the Pits of Slime
 69829 | Slime:3  | Found a viscous altar of Jiyva.
 69897 | Slime:4  | Received a gift from Okawaru
 70101 | Slime:5  | Entered Level 5 of the Pits of Slime
 70397 | Slime:4  | Gained mutation: Your magical capacity is low. (-10% MP) [a
                  | shining eye]
 70423 | Slime:4  | Received a gift from Okawaru
 70521 | Slime:5  | Paralysed by a floating eye for 2 turns
 70524 | Slime:5  | Noticed Dissolution
 70540 | Slime:5  | Killed Dissolution
 70540 | Slime:5  | Reached XP level 26. HP: 190/232 MP: 22/22
 70586 | Slime:5  | Noticed the Royal Jelly
 70603 | Slime:5  | Killed the Royal Jelly
 70862 | Slime:5  | Got a heavily runed lead ring
 70885 | Slime:5  | Got a slimy rune of Zot
 70919 | Slime:5  | Got a coiled emerald amulet
 70932 | Slime:5  | Got a bone rapier
 70965 | Slime:5  | Identified the amulet of the Blind Eye {Acrobat Str+4 Int-4
                  | Stlth+} (You found it on level 5 of the Pits of Slime)
 70966 | Slime:5  | Identified a scroll of acquirement
 70974 | Slime:5  | Got a crystal falchion
 70975 | Slime:5  | Identified the +7 falchion "Touss" {freeze, MR+ Int+3} (You
                  | found it on level 5 of the Pits of Slime)
 70976 | Slime:5  | Identified the +10 rapier of Arycs {antimagic, Str+2} (You
                  | found it on level 5 of the Pits of Slime)
 71257 | Lair:1   | Identified the ring of Peace {MP+9 Int+2} (You found it on
                  | level 5 of the Pits of Slime)
 71834 | Crypt:1  | Entered Level 1 of the Crypt
 71902 | Crypt:1  | Received a gift from Okawaru
 71955 | Crypt:1  | Found a huge runed gate.
 71955 | Crypt:1  | Found a huge runed gate.
 71955 | Crypt:1  | Found a huge runed gate.
 71963 | Crypt:1  | Found a huge runed gate.
 71963 | Crypt:1  | Found a huge runed gate.
 71963 | Crypt:1  | Found a huge runed gate.
 71963 | Crypt:1  | Found a huge runed gate.
 71963 | Crypt:1  | Found a huge runed gate.
 71963 | Crypt:1  | Found a huge runed gate.
 71964 | Crypt:1  | Found a huge runed gate.
 72815 | Crypt:1  | Found the +9 sword of Zonguldrok {reap}
 73002 | Crypt:2  | Received a gift from Okawaru
 73169 | Crypt:2  | Reached skill level 27 in Long Blades
 74236 | Crypt:3  | Entered Level 3 of the Crypt
 74259 | Crypt:3  | Reached skill level 27 in Fighting
 74757 | Crypt:3  | Noticed an ancient lich
 74763 | Crypt:3  | Killed an ancient lich
 74776 | Crypt:3  | Received a gift from Okawaru
 74834 | Crypt:3  | Found a shimmering altar of Xom.
 75541 | Crypt:3  | Reached XP level 27. HP: 242/242 MP: 22/22
 76084 | Crypt:3  | Found a staircase to the Tomb.
 76867 | Crypt:3  | Lost mutation: Your magical capacity is low. (-10% MP)
                  | [potion of mutation]
 76867 | Crypt:3  | Lost mutation: You are frail. (-10% HP) [potion of
                  | mutation]
 76867 | Crypt:3  | Gained mutation: Armour fits poorly on your strangely
                  | shaped body. [potion of mutation]
 76867 | Crypt:3  | Gained mutation: You have a beak for a mouth. [potion of
                  | mutation]
 77606 | Elf:1    | Bought a scroll of enchant weapon for 112 gold pieces
 77606 | Elf:1    | Bought a scroll of enchant armour for 112 gold pieces
 77699 | Orc:2    | Bought the amulet of the Aged Ears {Acrobat Fragile rElec
                  | rF+} for 726 gold pieces
 78155 | Lair:1   | Got the ring of Xom's Approval {rElec Dex+6 Stlth+}
 79243 | Elf:2    | Bought 2 potions of berserk rage for 130 gold pieces
 79243 | Elf:2    | Bought a potion of haste for 130 gold pieces
 79243 | Elf:2    | Bought a potion of might for 52 gold pieces
 79243 | Elf:2    | Bought a potion of might for 52 gold pieces
 79243 | Elf:2    | Bought 2 potions of resistance for 260 gold pieces
 79641 | D:10     | Bought a potion of heal wounds for 75 gold pieces
 79641 | D:10     | Bought a potion of heal wounds for 75 gold pieces
 79641 | D:10     | Bought a potion of haste for 150 gold pieces
 79878 | Depths:2 | Got a smoking trident
 79879 | Depths:2 | Identified the cursed +2 trident "Ducuvi" {freeze, rN+
                  | Str-4 Int+2} (You found it on level 2 of the Depths)
 79906 | Depths:2 | Killed Caat Rau's ghost
 79957 | Zig:1    | Entered Level 1 of a ziggurat
 79980 | Zig:2    | Entered Level 2 of a ziggurat
 80313 | Zig:3    | Entered Level 3 of a ziggurat
 80333 | Zig:3    | Got a bound iron amulet
 80334 | Zig:3    | Identified the amulet of Niesovoa {Inacc rF+ rN+ MR+ Int-5}
                  | (You found it on level 3 of a ziggurat)
 80347 | Zig:4    | Entered Level 4 of a ziggurat
 80349 | Zig:4    | Noticed Iffecis the pandemonium lord
 80375 | Zig:4    | Killed Iffecis the pandemonium lord
 80452 | Zig:5    | Entered Level 5 of a ziggurat
 80458 | Zig:5    | Reached skill level 5 in Stealth
 80490 | Zig:5    | Got a heavily runed leather armour
 80498 | Zig:5    | Got an ichor-stained leather armour
 80609 | Zig:6    | Entered Level 6 of a ziggurat
 80752 | Zig:7    | Entered Level 7 of a ziggurat
 80756 | Zig:7    | Noticed Pyjoaz the pandemonium lord
 80790 | Zig:7    | Killed Pyjoaz the pandemonium lord
 80790 | Zig:7    | Gained mutation: You occasionally shout uncontrollably at
                  | your foes. [a cacodemon]
 81062 | Zig:8    | Entered Level 8 of a ziggurat
 81529 | Zig:9    | Entered Level 9 of a ziggurat
 81555 | Zig:9    | Received a gift from Okawaru
 81610 | Zig:9    | Identified Sif Muna's Handbook of Orientation
 81613 | Zig:9    | Identified the Compendium of the Snowflakes and Heat
 82080 | Zig:10   | Entered Level 10 of a ziggurat
 82103 | Zig:10   | Noticed Sysk the pandemonium lord
 82118 | Zig:10   | HP: 10/273 [monstrous blood saint/iceblast (13)]
 82118 | Zig:10   | Killed from afar by a monstrous blood saint

Illustrated notes

Levels and vault maps discovered:
D:1:      psy_arrival_radial01, layout_rooms
D:2:      layout_rooms
D:3:      layout_basic, marbit_many_paths, lemuel_statue_altar, uniq_grinder
D:4:      layout_cave_pods, nicolae_overflow_crystal_walls, zin_academy,
          kennysheep_mini, first_ration, uniq_edmund
D:5:      layout_basic, grunt_temple_overflow_open, serial_shops,
          nicolae_shop_waterfront, uniq_sigmund, uniq_ijyb
D:6:      layout_layer_cave, lemuel_crystal_altar,
          minmay_temple_entry_proselytizer, portal_sewer_entry_a
D:7:      layout_loops_cross, bloody_makhleb, grunt_ogre_cave, uniq_joseph
D:8:      layout_gridville, nicolae_overflow_hidden_temple, uniq_psyche,
          uniq_erica
D:9:      minmay_the_grid_square_5x5_3x3
          [minmay_the_grid_square_5x5_half_checkered,
          minmay_the_grid_square_5x5_plus, minmay_the_grid_square_5x5_three,
          minmay_the_grid_square_5x5_almost_minimal,
          minmay_the_grid_square_5x5_megaprize_hollow,
          minmay_the_grid_square_5x5_minibox,
          minmay_the_grid_square_5x5_shrine2,
          minmay_the_grid_square_5x5_spiral_small,
          minmay_the_grid_square_5x5_pentomino_r], layout_cave_pools,
          hive_lemuel, uniq_maurice
D:10:     layout_roguey, david_lair_shrubbed, serial_shops, nicolae_shop_trees,
          uniq_snorg
D:11:     layout_roguey, portal_ice_cave_demonic_guard
D:12:     layout_stronghold, orc_0_dummy
D:13:     layout_rooms, minmay_lindwurm_lava
D:14:     layout_roguey, david_vaults_1, minmay_misc_feat_nine_boxes,
          special_room [special_room_orc], gammafunk_ghost_cemetery, laboratory
D:15:     grunt_enter_depths_giant_problem, layout_irregular_city
Lair:1:   layout_regular_city, minmay_lair_oklob_chamber
Lair:2:   layout_loops_ring, lemuel_fruit_fields, uniq_urug
Lair:3:   layout_cave_pods, minmay_shoals_entry_beasts, spider_nest_entry_a,
          uniq_prince_ribbit2
Lair:4:   layout_loops_ring, lemuel_fruit_tree, uniq_rupert
Lair:5:   beast_lair_carwin_large_4, layout_hall_layers, slime_altar_1,
          kennysheep_rathole, uniq_sonja
Lair:6:   minmay_lair_end_enchanted_forest, layout_gridlike,
          ebering_ghost_inner_flame
Shoals:1: layout_shoals, gammafunk_ghost_tricky_traps
Shoals:2: layout_shoals
Shoals:3: layout_shoals, uniq_jorgrun
Shoals:4: shoals_end_grunt_ice, layout_shoals
Spider:1: layout_chambers, uniq_agnes
Spider:2: layout_spider_delve, minmay_another_anthill
Spider:3: layout_chambers
Spider:4: grunt_spider_rune_circles, uniq_arachne
Slime:1:  layout_caves, cheibrodos_slime_lost_civilization_6
Slime:2:  layout_caves
Slime:3:  layout_caves, basic_altar, nicolae_slime_phagocytosis
Slime:4:  layout_caves
Slime:5:  uniq_dissolution
Orc:1:    layout_caves
Orc:2:    grunt_orc_community_town_hall, layout_diamond_mine,
          grunt_orc_community_big_house_2, grunt_orc_community_big_house_2,
          grunt_orc_community_house_3, grunt_orc_community_house_1,
          grunt_orc_community_house_1, grunt_orc_community_house_1
Elf:1:    layout_geoelf_octagon, serial_shops, nicolae_shop_behind_doors,
          minmay_elf_demonology
Elf:2:    layout_geoelf_octagon, serial_shops, bzr_entry_road, shop,
          nicolae_shop_statue_plus, enter_trove_5,
          hangedman_elf_targetted_burst, palyth_stone_intersect
Elf:3:    grunt_elf_hall_asides, layout_geoelf_grid
Vaults:1: vaults_room_hallway, vaults_mumra_minichess_inversion,
          vaults_room_boxed, ontoclasm_vaults_twist, nicolae_vaults_alarming,
          hangedman_vaults_cutoff, ontoclasm_vaults_idyll,
          hangedman_vaults_stretched_pinwheel, nicolae_vaults_rhombus_6,
          layout_vaults_omnicross
Vaults:2: v_misc_10, nicolae_vaults_shelves_hall,
          nicolae_vaults_mini_display_case, v_alt_pattern_1,
          hangedman_vaults_corner_blocks, nicolae_vaults_inception_corners,
          vaults_room_door_ring, st_greater_box_2, layout_vaults_omnigrid
Vaults:3: vaults_room_grid, ontoclasm_vaults_gateway, ontoclasm_vaults_bender,
          nicolae_vaults_specimen_jars, ontoclasm_vaults_chip,
          ontoclasm_vaults_fault, ontoclasm_vaults_shuriken,
          grunt_vaults_hallway_short, v_misc_10,
          nicolae_vaults_little_squares_3, nicolae_vaults_shelves_hall,
          nicolae_vaults_stairing_the_circle, vaults_room_pools,
          vaults_standard_mumra_x, ontoclasm_vaults_decontamination,
          grunt_vaults_funnel, nicolae_vaults_ring_of_whatevers,
          special_room_vaults [special_room_orc], vaults_mumra_chevron,
          layout_vaults_ring, minmay_crypt_entry_simple_corners, serial_shops,
          shop, uniq_asterion, uniq_boris
Vaults:4: gammafunk_vaults_ghost_crypt, nicolae_vaults_little_squares_6,
          v_pattern_4, v_rooms_1, hangedman_vaults_cutoff, vaults_room_pool,
          v_misc_22, ontoclasm_vaults_eye, vaults_mumra_minichess,
          layout_vaults_big_room, serial_shops, bzr_entry_islet, uniq_sojobo
Vaults:5
Crypt:1:  minmay_shadows, layout_chaotic_city, not_door_vault_mu,
          minmay_guarded_unrand_zonguldrok, grunt_crypt_arrival_webbed
Crypt:2:  layout_gridlike, serial_sigils_hangedman_writhe, chequers_big_river,
          corner_web_ring, st_stairs_14
Crypt:3:  church_of_pain_bobbens, layout_chaotic_city, tomb_entry_simple_bobbens
Depths:1: layout_forbidden_donut, serial_shops, nicolae_shop_trees,
          kennysheep_decorative_pillar, lightli_too_deep,
          minmay_guarded_unrand_robustness
Depths:2: hangedman_stitches_corridor, layout_cross, enter_ziggurat_c,
          minmay_holes, ebering_ghost_inner_flame, hell_entry,
          infiniplex_staircase_x, uniq_nikola
Depths:3: minmay_angry_zag, layout_honeycomb, rand_demon_pan_entry_7,
          pf_vacation_house_of_asmodeus, hangedman_decor_lopped, uniq_saint_roka
Depths:4: hangedman_cross_cluster, layout_honeycomb, gammafunk_ghost_crypt,
          minmay_room_of_horrors, mu_enter_wizlab_6, pan_entry, hell_entry,
          infiniplex_staircase_door_maze, serial_bayou_shore_a
Zig:10

Skill      XL: |  1  2  3  4  5  6  7  8  9 10 11 12 13 14 15 16 17 18 19 20 21 22 23 24 25 26 27 |
---------------+----------------------------------------------------------------------------------+-----
Shields        | 4 5 6 7 8 9 11 13 15 17 19 20 22 23 24 25 26 27 | 27.0
Fighting       | 4 5 6 8 9 10 11 12 13 14 15 16 17 18 19 20 21 23 24 26 27 | 27.0
Long Blades    | 3 4 5 6 8 10 11 13 14 15 16 17 18 19 20 21 22 23 24 26 27 | 27.0
Armour         | 4 5 6 7 9 10 11 12 13 14 15 16 17 18 19 20 | 20.9
Dodging        | 1 2 3 4 5 6 7 9 10 11 12 14 15 18 20 | 20.3
Stealth        | 1 2 3 4 5 |  5.2
Evocations     | 1 3 |  3.0
Invocations    | 1 2 3 4 |  4.9

Action                   |  1- 3 |  4- 6 |  7- 9 | 10-12 | 13-15 | 16-18 | 19-21 | 22-24 | 25-27 || total
-------------------------+-------+-------+-------+-------+-------+-------+-------+-------+-------++-------
Melee: Long sword        |    88 |   117 |   275 |       |     1 |   138 |       |       |       ||   619
       Headbutt          |    14 |    22 |    77 |   168 |   433 |   327 |   475 |   500 |   644 ||  2660
       Falchion          |       |       |    62 |       |       |       |       |       |       ||    62
       Scimitar          |       |       |     5 |   589 |  1393 |       |       |     8 |       ||  1995
       Demon blade       |       |       |       |       |       |  1000 |  1361 |  1339 |  1395 ||  5095
       Double sword      |       |       |       |       |       |       |       |       |   212 ||   212
       Peck              |       |       |       |       |       |       |       |       |    83 ||    83
Invok: Heroism           |       |       |       |     3 |     6 |     7 |    10 |     6 |    12 ||    44
       Finesse           |       |       |       |       |       |       |     1 |     1 |       ||     2
Evoke: Wand              |       |       |       |       |     7 |       |     5 |     3 |     5 ||    20
  Use: Potion            |     1 |     1 |       |     1 |     5 |     1 |     5 |     2 |     7 ||    23
       Scroll            |       |       |       |    20 |    11 |    10 |    15 |    13 |    21 ||    90
 Stab: Sleeping          |       |       |       |       |       |       |     1 |       |       ||     1
       Paralysed         |       |       |       |       |       |       |       |     1 |       ||     1
  Eat: Chunk             |     1 |     6 |     9 |    21 |    47 |    34 |    37 |    31 |    10 ||   196
       Ration            |       |       |     2 |       |     1 |     1 |     3 |     2 |    11 ||    20
Armor: Scale mail        |    47 |    43 |    10 |       |       |       |       |       |       ||   100
       Chain mail        |       |       |   127 |   230 |   176 |       |       |       |       ||   533
       Plate armour      |       |       |       |       |    43 |       |       |       |       ||    43
       Crystal plate arm |       |       |       |       |   205 |   125 |       |       |       ||   330
       Ice dragon scales |       |       |       |       |       |   245 |   312 |   316 |   399 ||  1272
Dodge: Dodged            |    45 |    34 |    76 |   145 |   260 |   296 |   396 |   408 |   697 ||  2357
Block: Kite shield       |    56 |    62 |   169 |   113 |  1158 |  1222 |  1482 |  1299 |  1859 ||  7420
       Tower shield      |       |       |       |   455 |   220 |       |       |       |       ||   675
       Rpst.: Long sword |    13 |     8 |    20 |       |     1 |     7 |       |       |       ||    49
       Falchion          |       |       |     1 |       |       |       |       |       |       ||     1
       Scimitar          |       |       |       |    34 |    44 |       |       |       |       ||    78
       Demon blade       |       |       |       |       |       |    47 |    82 |    59 |    72 ||   260
       Double sword      |       |       |       |       |       |       |       |       |    31 ||    31
